 Dungeon Crawl Stone Soup version 0.28-a0-1506-g3893175d92 (webtiles) character file.

Game seed: 603446180566403264

84 fragbeetle the Digger (level 4, 0/26 HPs)
             Began as a Gargoyle Earth Elementalist on Jan 14, 2022.
             Slain by a worm (9 damage)
             ... on level 3 of the Dungeon.
             The game lasted 00:05:08 (3344 turns).

fragbeetle the Digger (Gargoyle Earth Elementalist) Turns: 3344, Time: 00:05:09

Health: 0/26       AC:  5    Str: 11    XL:     4   Next: 45%
Magic:  5/7        EV: 12    Int: 16    God:
Gold:   126        SH:  0    Dex: 12    Spells: 6/7 levels left

rFire   . . .      SeeInvis .   g - +0 mace
rCold   . . .      Faith    .   (no shield)
rNeg    + . .      Spirit   .   b - +0 robe
rPois   ∞          Reflect  .   (no helmet)
rElec   +          Harm     .   (no cloak)
rCorr   +          Rampage  .   (no gloves)
Will    .....                   (no boots)
Stlth   ++........              (no amulet)
HPRegen 0.08/turn               l - ring of resist corrosion
MPRegen 0.10/turn               (no ring)

@: no status effects
A: sickness immunity, AC +3, negative energy resistance 1, electricity
resistance, torment resistance 1, petrification resistance
a: no special abilities


You were on level 3 of the Dungeon.
You visited 1 branch of the dungeon, and saw 3 of its levels.

You collected 126 gold pieces.

Inventory:

Hand Weapons
 g - a +0 mace (weapon)
Missiles
 c - 106 stones
 f - a throwing net
 i - 3 boomerangs
Armour
 b - a +0 robe (worn)
Jewellery
 l - a ring of resist corrosion (left hand)
Scrolls
 a - 2 scrolls of teleportation {unknown}
 e - a scroll of blinking {unknown}
 j - a scroll of immolation {unknown}
 m - a scroll of brand weapon {unknown}
 p - a scroll of identify {unknown}
Potions
 d - a potion of degeneration {unknown}
 h - 4 potions of brilliance {unknown}
 k - 2 potions of berserk rage {unknown}
 n - a potion of flight {unknown}
 o - a potion of heal wounds {unknown}


   Skills:
 + Level 1.6 Fighting
 + Level 2.1 Dodging
 - Level 2.1 Stealth
 - Level 2.0 Spellcasting
 + Level 1.6 Transmutations
 * Level 4.8 Earth Magic


You had 6 spell levels left.
You knew the following spells:

 Your Spells              Type           Power      Damage    Failure   Level
a - Sandblast             Erth           34%        2d9       3%          1

Your spell library contained the following spells:

 Spells                   Type           Power      Damage    Failure   Level
 Passwall                 Tmut/Erth      9%         N/A       9%          2
 Animate Skeleton         Necr           2%         N/A       21%         1
 Apportation              Tloc           2%         N/A       21%         1
 Summon Small Mammal      Summ           4%         N/A       21%         1
 Stone Arrow              Conj/Erth      18%        3d8       24%         3
 Static Discharge         Conj/Air       1%         N/A       30%         2
 Petrify                  Tmut/Erth      11%        N/A       50%         4
 Lightning Bolt           Conj/Air       0%         1d11      99%         5
 Maxwell's Capacitive Co  Air            0%         ∞         100%        8


Dungeon Overview and Level Annotations

Branches:
Dungeon (3/15)

Altars:
Kikubaaqudgha
Zin


Innate Abilities, Weirdness & Mutations

You are immune to sickness and miasma.
Your stone body is resilient. (AC +3)
You are immune to poison.
You resist negative energy. (rN+)
You are resistant to electric shocks. (rElec)
You are resistant to unholy torment.
You are immune to petrification.


Message History

n - a yellow potion
Found a stone staircase leading up.
Found 11 arrows.
o - a glowing coppery potion
Found a stone staircase leading down.
A ball python comes into view.
The ball python hisses angrily.
The ball python bites you but does no damage.
The ball python barely misses you.
You hit the ball python.
You kill the ball python!
You see here a ball python corpse.
There is a stone staircase leading down here.
p - a scroll labelled SUEHAG PEAT A worm comes into view.
The helpless worm fails to defend itself.
You hit the worm.
The worm is moderately wounded.
The worm bites you!
You hit the worm.
The worm is moderately wounded.
The worm bites you!
You are too injured to fight recklessly!
You are too injured to fight recklessly!
Casting: Sandblast (safe; 3% risk of failure)
Confirm with . or Enter, or press ? or * to list all spells.
Aiming: Sandblast (safe; 3% risk of failure)
Press: ? - help, Shift-Dir - straight line, f - worm
Aim: a worm (moderately wounded, 93% to hit)
The blast of sand hits the worm!
The worm is severely wounded.
Casting: Sandblast (safe; 3% risk of failure)
Confirm with . or Enter, or press ? or * to list all spells.
Aiming: Sandblast (safe; 3% risk of failure)
Press: ? - help, Shift-Dir - straight line, f/p - worm
Aim: a worm (severely wounded, 93% to hit)
The blast of sand hits the worm.
The worm is almost dead.
The worm bites you!
You die...

#.(..#...# #..<.+...#
#....#...#
####....#...#
............# ..
#####...##...#
....###............##
..........#...##†...#
...###@#.#...##..>.#
.......w#.#...##....#
....#####.#...##....#
.. ..#...##....#
########....# #....#
#....# ######


You could see a worm.

Vanquished Creatures
  3 adders
  A worm (D:2)
  A dart slug (D:1)
  2 bats (D:1)
  8 endoplasms
  3 giant cockroaches
  2 goblins
  3 hobgoblins
  3 jackals (D:2)
  4 kobolds
  2 quokkas (D:2)
  2 ball pythons
  5 frilled lizards
  12 rats
51 creatures vanquished.

Vanquished Creatures (others)
  13 plants
13 creatures vanquished.

Grand Total: 64 creatures vanquished

Notes
Turn   | Place    | Note
-------+----------+-------------------------------------------
     0 | D:1      | fragbeetle the Gargoyle Earth Elementalist began the quest
                  | for the Orb.
     0 | D:1      | Reached XP level 1. HP: 10/10 MP: 3/3
   344 | D:1      | Found a faded altar of an unknown god.
   454 | D:1      | You fall into a shaft and drop 1 floor!
   478 | D:2      | Reached skill level 1 in Transmutations
   478 | D:2      | Reached XP level 2. HP: 16/16 MP: 0/5
   840 | D:2      | Reached skill level 4 in Earth Magic
   971 | D:2      | Reached skill level 1 in Fighting
  1139 | D:2      | Found a glowing silver altar of Zin.
  1185 | D:2      | Reached XP level 3. HP: 20/20 MP: 2/6
  2707 | D:1      | Found an ancient bone altar of Kikubaaqudgha.
  2814 | D:2      | Reached XP level 4. HP: 25/25 MP: 7/7
  3344 | D:3      | Slain by a worm

Illustrated notes

Levels and vault maps discovered:
D:1:      dpeg_arrival_water_altar, layout_loops_corners, serial_forest,
          infiniplex_forest_straight_2, infiniplex_forest_zigzag_1,
          infiniplex_forest_join, infiniplex_forest_end_2,
          infiniplex_forest_pool, infiniplex_forest_clump_curved,
          infiniplex_forest_lined_2, infiniplex_forest_clump_small,
          infiniplex_forest_end_double, infiniplex_forest_lined_3,
          chequers_ecumenical_altar_grove
D:2:      layout_loops_cross, basic_altar, serial_bayou_lagoon_b
D:3:      kennysheep_big_flooded_room, layout_basic, minivault_14

Skill      XL: |  1  2  3 |
---------------+----------+-----
Transmutations | 1 |  1.6
Earth Magic    | 4 |  4.8
Fighting       | 1 |  1.6
Dodging        | 2 |  2.1
Stealth        | |  2.1
Spellcasting   | |  2.0

Action                   |  1- 3 |  4- 6 || total
-------------------------+-------+-------++-------
Melee: Dagger            |     8 |       ||     8
       Short sword       |    80 |       ||    80
       Mace              |    38 |    16 ||    54
 Cast: Sandblast         |    15 |     7 ||    22
 Stab: Sleeping          |     7 |     2 ||     9
Armor: Robe              |    41 |     1 ||    42
Dodge: Dodged            |    76 |     6 ||    82

Table legend: (Time is in decaauts)
 A = Elapsed time spent in this place.
 B = Non-inter-level travel time spent in this place.
 C = Inter-level travel time spent in this place.
 D = Time resting spent in this place.
 E = Time spent auto-exploring this place.
 F = Levels seen in this place.
 G = Mean time per level.
                   A        B        C        D        E       F      G
               +--------+--------+--------+--------+--------+-----+--------+
         Total |   3387 |   3362 |     25 |    704 |   2068 |   3 | 1129.0 |
       Dungeon |   3387 |   3362 |     25 |    704 |   2068 |   3 | 1129.0 |
               +--------+--------+--------+--------+--------+-----+--------+

Top non-repeatable levels by time:
     D:1: 1795 daAuts
     D:2: 1359 daAuts
     D:3: 231 daAuts
